 Dungeon Crawl Stone Soup version 0.28-a0-850-g09de17f5b5 (webtiles) character file.

Game seed: 6355225799633754624

51 graki42 the Sneak (level 3, -2/25 HPs)
             Began as an Octopode Brigand on Nov 13, 2021.
             Slain by an orc wizard (4 damage)
             ... on level 3 of the Dungeon.
             The game lasted 00:01:52 (1363 turns).

graki42 the Sneak (Octopode Brigand)                Turns: 1363, Time: 00:01:53

Health: -2/25      AC:  1    Str: 10    XL:     3   Next: 81%
Magic:  3/3        EV: 13    Int: 13    God:
Gold:   32         SH:  0    Dex: 14    Spells: 2/2 levels left

rFire   . . .      SeeInvis .   a - +2 dagger
rCold   . . .      Faith    .   (no shield)
rNeg    . . .      Spirit   .   (helmet restricted)
rPois   .          Reflect  .   (no amulet)
rElec   .          Harm     .   (no ring)
rCorr   .          Rampage  .   (no ring)
Will    .....                   (no ring)
Stlth   ++........              (no ring)
HPRegen 0.08/turn               (no ring)
MPRegen 0.08/turn               (no ring)
                                (no ring)
                                (no ring)

@: confused
A: almost no armour, amphibious, 8 rings, camouflage 1, gelatinous body 1,
(nimble swimmer 1), tentacles
a: no special abilities


You were on level 3 of the Dungeon.
You visited 1 branch of the dungeon, and saw 3 of its levels.

You collected 32 gold pieces.

Inventory:

Hand Weapons
 a - a +2 dagger (weapon)
Missiles
 b - 8 poisoned darts (quivered)
 c - 2 curare-tipped darts
Scrolls
 h - a scroll of identify {unknown}
 i - a scroll of blinking {unknown}
 j - a scroll of vulnerability {unknown}
Potions
 d - 2 potions of heal wounds {unknown}
 e - 3 potions of curing {unknown}
 f - a potion of brilliance {unknown}
 g - a potion of degeneration {unknown}
 k - a potion of lignification {unknown}


   Skills:
 + Level 2.4 Fighting
 + Level 2.4 Short Blades
 + Level 2.4 Throwing
 + Level 1.7 Dodging
 + Level 5.8 Stealth


You had 2 spell levels left.
You didn't know any spells.
Your spell library was empty.

Dungeon Overview and Level Annotations

Branches:
Dungeon (3/15)

Altars:
The Shining One


Innate Abilities, Weirdness & Mutations

You cannot wear most types of armour.
You are amphibious.
You can wear up to eight rings at the same time.
Your skin changes colour to match your surroundings (Stealth+).
Your rubbery body absorbs attacks. (AC +1, EV +1)
((You are camouflaged near water. (Stealth+)))
You have tentacles for arms and can constrict up to eight enemies at once.


Message History

The hobgoblin closely misses you.
You hit the hobgoblin but do no damage. You squeeze the hobgoblin.
You kill the hobgoblin!
The orc wizard gestures wildly while chanting.
The orc wizard flickers and vanishes!
Deactivating autopickup; reactivate with Ctrl-A.
You barely miss the orc. Your grab misses the orc. Your squeeze misses the orc.
The orc hits you with a +0 mace.
You hit the orc. You grab the orc.
The orc is heavily wounded.
You constrict the orc.
The orc struggles to escape constriction.
You hit the orc.
You kill the orc!
You hit something. Something hits you but does no damage.
You miss something. Something barely misses you.
You hit something. Your squeeze misses something. Something hits you.
You closely miss something.
You hear some strange, mumbled words.
A puff of flame appears from out of thin air!
The puff of flame hits you!
* * * LOW HITPOINT WARNING * * *
You miss something. You hit something.
You hear some strange, mumbled words.
A puff of flame appears from out of thin air!
The puff of flame hits you.
* * * LOW HITPOINT WARNING * * *
You miss something.
You hear some strange, mumbled words.
Something tries to affect you, but you resist.
You hit something.
You hear some strange, mumbled words.
You are confused.
Something barely misses you.
You closely miss something.
You hear some strange, mumbled words.
Something tries to affect you, but you resist.
You closely miss something. Something hits you.
You die...

## ... ...#+####
.$......#
........#
........#
........+ ..
.......@####.?..
.......{<....#
.........#####
...............
.........######
..........
#####......
#..(....
#........


There were no monsters in sight!

Vanquished Creatures
  2 adders (D:2)
  A worm (D:2)
  2 orcs
  2 bats
  3 endoplasms
  A giant cockroach (D:2)
  A goblin (D:1)
  4 hobgoblins
  A quokka (D:1)
  3 ball pythons
  4 kobolds (D:1)
  2 rats
26 creatures vanquished.

Notes
Turn   | Place    | Note
-------+----------+-------------------------------------------
     0 | D:1      | graki42 the Octopode Brigand began the quest for the Orb.
     0 | D:1      | Reached XP level 1. HP: 14/14 MP: 1/1
   316 | D:1      | Reached XP level 2. HP: 19/19 MP: 2/2
   505 | D:1      | Found a faded altar of an unknown god.
  1008 | D:2      | Reached XP level 3. HP: 25/25 MP: 3/3
  1112 | D:2      | Found a glowing golden altar of the Shining One.
  1363 | D:3      | Slain by an orc wizard

Illustrated notes

Levels and vault maps discovered:
D:1:      onia_arrival_mini_spirals, layout_loops_ring,
          hellmonk_ecumenical_altar_zigzags
D:2:      layout_rooms, basic_altar
D:3:      layout_basic

Action                   || total
-------------------------++-------
Melee: Dagger            ||    51
       Constrict         ||     8
       Tentacles         ||     3
 Stab: Sleeping          ||    17
Armor: Skin              ||     2
Dodge: Dodged            ||    15

Table legend: (Time is in decaauts)
 A = Elapsed time spent in this place.
 B = Non-inter-level travel time spent in this place.
 C = Inter-level travel time spent in this place.
 D = Time resting spent in this place.
 E = Time spent auto-exploring this place.
 F = Levels seen in this place.
 G = Mean time per level.
                   A        B        C        D        E       F      G
               +--------+--------+--------+--------+--------+-----+--------+
         Total |   1357 |   1320 |     37 |     65 |   1070 |   3 |  452.3 |
       Dungeon |   1357 |   1320 |     37 |     65 |   1070 |   3 |  452.3 |
               +--------+--------+--------+--------+--------+-----+--------+

Top non-repeatable levels by time:
     D:1: 848 daAuts
     D:2: 486 daAuts
     D:3: 22 daAuts
